 Dungeon Crawl Stone Soup version 0.30-a0-830-gfe289a77b0 (webtiles) character file.

Game seed: 16899603828124416299

208 Rocko1345 the Firebug (level 5, -4/37 HPs)
             Began as a Demonspawn Fire Elementalist on Feb 28, 2023.
             Slain by a gnoll
             ... wielding a +0 club
             ... led by a gnoll bouda
              (7 damage)
             ... on level 3 of the Dungeon.
             The game lasted 00:11:41 (2870 turns).

Rocko1345 the Firebug (DsFE)                        Turns: 2870, Time: 00:11:42

Health: -4/37      AC:  3    Str:  8    XL:     5   Next: 55%
Magic:  6/10       EV: 12    Int: 18    God:
Gold:   110        SH:  0    Dex: 14    Spells: 7/10 levels left

rFire   . . .      SeeInvis .    n - +0 quarterstaff
rCold   . . .      Faith    .    (shield currently unavailable)
rNeg    . . .      Spirit   .    a - +0 robe
rPois   .          Reflect  .    (no helmet)
rElec   .          Harm     .    (no cloak)
rCorr   .          Rampage  .    (no gloves)
Will    .....                    (no boots)
Stlth   ++                       h - amulet of regeneration
HPRegen 1.06/turn                (no ring)
MPRegen 0.12/turn                (no ring)

@: weakened, very slightly contaminated
A: hooves 1, rugged brown scales 1
a: no special abilities


You were on level 3 of the Dungeon.
You visited 1 branch of the dungeon, and saw 3 of its levels.

You collected 110 gold pieces.

Inventory:

Hand Weapons
 g - a +1 long sword
 l - a +2 heavy flail
 n - a +0 quarterstaff (weapon)
 p - a +0 halberd
 q - a +0 dagger of draining
Armour
 a - a +0 robe (worn)
Jewellery
 h - an amulet of regeneration (around neck)
Scrolls
 c - a scroll of magic mapping
 e - a scroll of torment
 i - 2 scrolls of immolation
 k - 2 scrolls of amnesia
 o - a scroll of enchant armour {unknown}
 r - a scroll of blinking
Potions
 b - a potion of magic
 d - 5 potions of curing
 f - 2 potions of brilliance {unknown}
 j - a potion of ambrosia {unknown}
 m - a potion of attraction {unknown}
 s - a potion of heal wounds {unknown}


   Skills:
 + Level 0.8 Fighting
 + Level 0.5 Long Blades
 + Level 0.2(0.6) Maces & Flails
 + Level 1.0 Staves
 + Level 2.3 Dodging
 + Level 2.1 Stealth
 * Level 3.3 Spellcasting
 + Level 1.8 Conjurations
 * Level 3.8 Fire Magic


You had 7 spell levels left.
You knew the following spells:

 Your Spells              Type           Power      Damage    Failure   Level
a - Foxfire               Conj/Fire      52%        2x1d6     4%          1
b - Scorch                Fire           32%        2d6       4%          2

Your spell library contained the following spells:

 Spells                   Type           Power      Damage    Failure   Level
 Inner Flame              Hex/Fire       9%         N/A       22%         3
 Kindle Blastsparks       Fire/Tloc/Air  14%        2d11      28%         3
 Flame Wave               Conj/Fire      13%        2d6       45%         4


Dungeon Overview and Level Annotations

Branches:
Dungeon (3/15)

Altars:
Cheibriados
Gozag

Shops:
D:3 *


Innate Abilities, Weirdness & Mutations

You have large cloven feet.
You are partially covered in rugged brown scales. (AC +1, +3% HP)


Message History

Confirm with . or Enter, or press ? or * to list all spells.
You conjure some foxfire!
The gnoll bouda calls upon its god to heal the gnoll.
The gnoll's wounds heal themselves!
The gnoll hits you with a +0 flail!
The foxfire hits the gnoll.
The gnoll is moderately wounded.
The foxfire hits the gnoll.
The gnoll is heavily wounded.
Casting: Foxfire (safe; 4% risk of failure)
Confirm with . or Enter, or press ? or * to list all spells.
You conjure some foxfire!
The gnoll closely misses you.
The foxfire hits the gnoll.
The gnoll is severely wounded.
The foxfire hits the gnoll.
The gnoll is severely wounded.
The gnoll hits you with a +0 flail.
Your magical contamination has completely faded away.
Casting: Foxfire (safe; 4% risk of failure)
Confirm with . or Enter, or press ? or * to list all spells.
You miscast Foxfire.
You are very lightly contaminated with residual magic.
Nothing appears to happen.
The gnoll hits you with a +0 club! The gnoll closely misses you.
The gnoll hits you with a +0 club!
There is an entrance to Gozag's Platinum Reserve here.
You barely miss the gnoll. Your kick misses the gnoll.
The gnoll closely misses you. The gnoll hits you with a +0 club.
You sock the gnoll! Your kick misses the gnoll.
The gnoll is severely wounded.
The gnoll closely misses you. The gnoll hits you with a +0 club.
* * * LOW HITPOINT WARNING * * *
The hobgoblin completely misses you. The gnoll attacks as you move away!
The gnoll hits you with a +0 club.
* * * LOW HITPOINT WARNING * * *
The gnoll bouda gazes fiercely through you!
You feel your attacks grow feeble. The gnoll hits you with a +0 flail.
* * * LOW HITPOINT WARNING * * *
The gnoll hits you with a +0 club!
You die...

...... #...... #......
###########.....
#######≈≈≈≈≈≈≈gg.....
#....##≈.....≈≈≈≈.#
#....##≈.⌠gr....≈.##
#.)..>.≈.@gg.._....#
#.....#≈.⌠.⌠....≈..#
#......≈.....≈≈≈≈..#
#......≈≈≈≈≈≈≈.....#
#.........#####....#
#.........#####....#
#..................##### #
#######.......######.........#
#.............# #.........#


You could see a gnoll bouda, 3 gnolls, a hobgoblin and a rat.

Vanquished Creatures
  A scorpion (D:3)
  Natasha (twice) (D:3)
  2 gnolls
  2 adders (D:2)
  A worm (D:3)
  5 orcs (D:3)
  4 ball pythons
  3 bats
  2 endoplasms
  4 giant cockroaches
  6 goblins
  7 hobgoblins
  3 jackals (D:1)
  4 kobolds
  3 quokkas (D:2)
  2 rats
51 creatures vanquished.

Vanquished Creatures (others)
  68 foxfires
68 creatures vanquished.

Grand Total: 119 creatures vanquished

Notes
Turn   | Place    | Note
-------+----------+-------------------------------------------
     0 | D:1      | Rocko1345 the Demonspawn Fire Elementalist began the quest
                  | for the Orb.
     0 | D:1      | Reached XP level 1. HP: 13/13 MP: 3/3
   314 | D:1      | Found a faded altar of an unknown god.
   321 | D:1      | Gained mutation: You have large cloven feet. [demonic
                  | ancestry]
   321 | D:1      | Reached XP level 2. HP: 19/19 MP: 1/5
   865 | D:1      | Learned a level 2 spell: Scorch
  1044 | D:2      | Reached XP level 3. HP: 24/24 MP: 3/6
  2075 | D:2      | Reached XP level 4. HP: 19/30 MP: 7/7
  2131 | D:3      | Noticed Natasha
  2141 | D:3      | Killed Natasha
  2242 | D:3      | Found a snail-covered altar of Cheibriados.
  2246 | D:3      | Noticed a scorpion
  2265 | D:3      | Killed a scorpion
  2266 | D:3      | Gained mutation: You are partially covered in rugged brown
                  | scales. (AC +1, +3% HP) [demonic ancestry]
  2266 | D:3      | Reached XP level 5. HP: 5/37 MP: 1/9
  2650 | D:3      | Noticed Natasha
  2658 | D:3      | Killed Natasha
  2707 | D:3      | Reached skill level 1 in Staves
  2798 | D:3      | Found Gozag's Platinum Reserve.
  2799 | D:3      | Found an opulent altar of Gozag.
  2870 | D:3      | Slain by a gnoll

Illustrated notes

Levels and vault maps discovered:
D:1:      minmay_arrival_four_houses, layout_loops_ring,
          shapermc_ecumenical_altar_venn
D:2:      layout_loops_ring
D:3:      layout_basic, slow_altar_2, mainiacjoe_overflow_concentric_impassable,
          nicolae_gozag_zags_fifth_avenue, ebering_ghost_rock_garden,
          serial_bayou_pond_e, uniq_natasha

Skill      XL: |  1  2  3  4  5 |
---------------+----------------+-----
Fire Magic     | 3 |  3.8
Dodging        | 2 |  2.3
Stealth        | 2 |  2.1
Spellcasting   | 3 |  3.3
Staves         | 1 |  1.0
Fighting       | |  0.8
Long Blades    | |  0.5
Maces & Flails | |  0.2
Conjurations   | |  1.8

Action                     |  1- 3 |  4- 6 || total
---------------------------+-------+-------++-------
  Melee: Long sword        |    26 |       ||    26
         Kick              |     8 |     8 ||    16
         Flail             |     7 |       ||     7
         Quarterstaff      |     6 |    43 ||    49
         Punch             |     1 |       ||     1
   Cast: Foxfire           |    38 |    11 ||    49
         Scorch            |       |     6 ||     6
    Use: Scroll            |     8 |       ||     8
         Potion            |       |     1 ||     1
 Armour: Robe              |    14 |     8 ||    22
  Dodge: Dodged            |    61 |    39 ||   100

Table legend: (Time is in decaauts)
 A = Elapsed time spent in this place.
 B = Non-inter-level travel time spent in this place.
 C = Inter-level travel time spent in this place.
 D = Time resting spent in this place.
 E = Time spent auto-exploring this place.
 F = Levels seen in this place.
 G = Mean time per level.
                   A        B        C        D        E       F      G
               +--------+--------+--------+--------+--------+-----+--------+
         Total |   2899 |   2863 |     36 |    885 |    973 |   3 |  966.3 |
       Dungeon |   2899 |   2863 |     36 |    885 |    973 |   3 |  966.3 |
               +--------+--------+--------+--------+--------+-----+--------+

Top non-repeatable levels by time:
     D:2: 1106 daAuts
     D:1: 1041 daAuts
     D:3: 752 daAuts
